cohdb
Replays
Latest Replays
All Replays
Popular Replays
Top Player Replays
Match Explorer
How It Works
Community
CoH3 Stats
Reddit
Sign in to upload your games and track your stats! →
Sign in with Steam
Match 42638555
Unlisted
Match 42638555
Overview
Messages
Build Orders
End
Royal Engineer Section
Construct Section Command Post
Infantry Section
Selects Indian Artillery Battlegroup
Vickers Machine Gun Team
Construct Field Infirmary
Selects War Cry
Construct Platoon Command Post
Selects Gurkha Rifles Section
Gurkha Rifles Section
Grenade Package
Selects Artillery Saturation
6-pounder Anti-tank Gun Team
Gurkha Rifles Section
compsecmonkey
sgtViveron
.
KevinTDW
0
0
Comments
sign in to comment!
No comments posted yet!